 Dungeon Crawl Stone Soup version 0.30-a0-4-ga7cffc901d (webtiles) character file.

Game seed: 10461423051096093811

61 ytrimaz the Caller (level 3, -1/24 HPs)
             Began as a Demonspawn Summoner on Aug 22, 2022.
             Slain by an adder (4 damage)
             ... on level 2 of the Dungeon.
             The game lasted 00:02:36 (2901 turns).

ytrimaz the Caller (Demonspawn Summoner)            Turns: 2901, Time: 00:02:36

Health: -1/24      AC:  2    Str:  8    XL:     3   Next: 83%
Magic:  5/7        EV: 12    Int: 18    God:
Gold:   163        SH:  0    Dex: 13    Spells: 1/7 levels left

rFire   . . .      SeeInvis .    (no weapon)
rCold   . . .      Faith    .    (no shield)
rNeg    . . .      Spirit   .    a - +0 robe
rPois   .          Reflect  .    (no helmet)
rElec   .          Harm     .    (no cloak)
rCorr   .          Rampage  .    (no gloves)
Will    .....                    (no boots)
Stlth   ++........               (no amulet)
HPRegen 0.08/turn                (no ring)
MPRegen 0.10/turn                (no ring)

@: lethally poisoned (-1 -> -5), hasted, very quick
A: claws 1
a: no special abilities


You were on level 2 of the Dungeon.
You visited 1 branch of the dungeon, and saw 2 of its levels.

You collected 163 gold pieces.

Inventory:

Armour
 a - a +0 robe (worn)
Scrolls
 e - a scroll of teleportation
Potions
 b - a potion of magic
 d - a potion of heal wounds {unknown}
 f - 2 potions of lignification {unknown}
 g - 2 potions of attraction {unknown}


   Skills:
 - Level 1.7 Dodging
 - Level 1.7 Stealth
 + Level 2.8 Spellcasting
 + Level 5.0 Summonings


You had one spell level left.
You knew the following spells:

 Your Spells              Type           Power      Damage    Failure   Level
a - Summon Small Mammal   Summ           80%        N/A       1%          1
b - Call Imp              Summ           20%        N/A       3%          2
c - Call Canine Familiar  Summ           20%        N/A       6%          3

Your spell library contained the following spells:

 Spells                   Type           Power      Damage    Failure   Level
 Summon Guardian Golem    Hex/Summ       11%        N/A       19%         3
 Summon Lightning Spire   Summ/Air       11%        N/A       52%         4


Dungeon Overview and Level Annotations

Branches:
Dungeon (2/15)

Altars:

Shops:
D:1 (


Innate Abilities, Weirdness & Mutations

You have sharp fingernails.


Message History

You closely miss the adder.
Your hound bites the adder but does no damage.
The adder bites you.
Your hound misses the adder. You barely miss the adder.
The adder closely misses you.
Your hound closely misses the adder.
You barely miss the adder. The adder bites you.
Your hound misses the adder. The adder misses you.
Your hound closely misses the adder.
You scratch the adder.
The adder is heavily wounded.
Your hound closely misses the adder.
The adder closely misses you.
You barely miss the adder.
The adder is heavily wounded.
Your hound misses the adder. The adder bites you.
Your hound barely misses the adder.
You barely miss the adder.
The adder is heavily wounded.
The adder misses you.
Your hound closely misses the adder.
The adder bites you.
You are poisoned.
The adder poisons you!
You barely miss the adder.
The adder is heavily wounded.
You feel sick.
Your hound misses the adder. The adder bites you.
You are more poisoned.
The adder poisons you!
Your hound closely misses the adder.
You barely miss the adder.
The adder is heavily wounded.
You feel sick. The adder bites you.
* * * LOW HITPOINT WARNING * * *
Your hound completely misses the adder.
You barely miss the adder.
The adder is heavily wounded.
* * * LOW HITPOINT WARNING * * *
You feel sick.
Your hound bites the adder.
The adder closely misses you.
Your hound misses the adder.
Unknown command.
Unknown command.
It was a potion of haste.
You feel yourself speed up.
* * * LOW HITPOINT WARNING * * *
You feel sick. The adder bites you.
You die...

#####################.###.#####.
# #............................ #
#.################.###.♣♣♣♣♣♣
#####.###### #.# #...♣♣P.
...........# #.# #.♣.♣..P
##....####.# ####+###.♣.♣.♣♣
.........#.# #........♣♣.P.♣
..######.#.########........#♣♣♣♣♣
................@Sh..............
.....#####.###.####........######
...#.# #......# #........######
.#.#.#####......# #..............
.....#...#......# ###############
.###.#..###.....# #
.....#......##### #
.###.#.####.############## #
.......# #..............# #


You could see an adder (ally target) and a friendly hound (summoned).

Vanquished Creatures
  A dart slug (D:1)
  2 ball pythons (D:1)
  A giant cockroach (D:1)
  A goblin (D:1)
  A hobgoblin (D:1)
  A kobold (D:1)
  A quokka (D:1)
  A bat (D:2)
  A rat (D:2)
10 creatures vanquished.

Vanquished Creatures (collateral kills)
  Terence (D:2)
  A dart slug (D:1)
  A bat (D:1)
  3 endoplasms
  A giant cockroach (D:1)
  A goblin (D:2)
  2 quokkas
  2 ball pythons
  2 frilled lizards
  5 kobolds
  3 rats (D:1)
22 creatures vanquished.

Vanquished Creatures (others)
  A plant (D:2)
1 creature vanquished.

Grand Total: 33 creatures vanquished

Notes
Turn   | Place    | Note
-------+----------+-------------------------------------------
     0 | D:1      | ytrimaz the Demonspawn Summoner began the quest for the
                  | Orb.
     0 | D:1      | Reached XP level 1. HP: 13/13 MP: 3/3
   103 | D:1      | Found Suvud's Antique Weapon Boutique.
   229 | D:1      | Gained mutation: You have sharp fingernails. [demonic
                  | ancestry]
   229 | D:1      | Reached XP level 2. HP: 19/19 MP: 1/5
   274 | D:1      | Found a faded altar of an unknown god.
  1363 | D:1      | Learned a level 2 spell: Call Imp
  1559 | D:2      | Reached XP level 3. HP: 6/24 MP: 3/6
  1789 | D:2      | Learned a level 3 spell: Call Canine Familiar
  2084 | D:2      | Noticed Terence
  2101 | D:2      | Killed Terence
  2102 | D:2      | Reached skill level 5 in Summonings
  2901 | D:2      | Slain by an adder

Illustrated notes

Levels and vault maps discovered:
D:1:      mrwooster_arrival_arrow, layout_basic, serial_shops,
          nicolae_lakefront_shop, ebering_ecumenical_altar_sacrificial,
          minmay_domino_2
D:2:      layout_basic, serial_forest, infiniplex_forest_end_1,
          infiniplex_forest_corner_1, infiniplex_forest_zigzag_2,
          infiniplex_forest_lined_4_way, infiniplex_forest_clump_large,
          fountainhead, uniq_terence

Skill      XL: |  1  2  3 |
---------------+----------+-----
Summonings     | 5 |  5.0
Dodging        | |  1.7
Stealth        | |  1.7
Spellcasting   | |  2.8

Action                   || total
-------------------------++-------
Melee: Unarmed           ||    71
       Punch             ||     2
 Cast: Summon Small Mamm ||    38
       Call Canine Famil ||     4
  Use: Scroll            ||     1
       Potion            ||     1
 Stab: Distracted        ||     1
       Sleeping          ||     1
Armor: Robe              ||    15
Dodge: Dodged            ||    79

Table legend: (Time is in decaauts)
 A = Elapsed time spent in this place.
 B = Non-inter-level travel time spent in this place.
 C = Inter-level travel time spent in this place.
 D = Time resting spent in this place.
 E = Time spent auto-exploring this place.
 F = Levels seen in this place.
 G = Mean time per level.
                   A        B        C        D        E       F      G
               +--------+--------+--------+--------+--------+-----+--------+
         Total |   2900 |   2839 |     61 |    221 |   2250 |   2 | 1450.0 |
       Dungeon |   2900 |   2839 |     61 |    221 |   2250 |   2 | 1450.0 |
               +--------+--------+--------+--------+--------+-----+--------+

Top non-repeatable levels by time:
     D:1: 1489 daAuts
     D:2: 1411 daAuts
